 Dungeon Crawl Stone Soup version 0.30.1-3-gfc49f6343a (webtiles) character file.

Game seed: 15253060013527920940

455 Fodor the Covered (level 6, -3/53 HPs)
             Began as a Minotaur Fighter on July 25, 2023.
             Succumbed to Eustachio's poison
             ... on level 6 of the Dungeon.
             The game lasted 00:27:33 (4446 turns).

Fodor the Covered (Minotaur Fighter)                Turns: 4446, Time: 00:27:34

Health: -3/53      AC: 13    Str: 23    XL:     6   Next: 76%
Magic:  5/5        EV:  6    Int:  5    God:
Gold:   149        SH:  4    Dex:  9    Spells: 5/5 levels left

rFire   . . .        q - +1 war axe (elec)
rCold   . . .        c - +0 buckler
rNeg    . . .        a - +1 plate armour
rPois   .            (helmet restricted)
rElec   .            (no cloak)
rCorr   .            (no gloves)
SInv    .            (no boots)
Will    .....        (no amulet) Stlth
                     m - ring of flight
HPRegen 0.28/turn    (no ring)
MPRegen 0.09/turn

%: no passive effects
@: lethally poisoned (-3 -> -20), flying
A: horns 2, retaliatory headbutt
a: no special abilities


You were on level 6 of the Dungeon.
You visited 1 branch of the dungeon, and saw 6 of its levels.

You collected 338 gold pieces.
You spent 189 gold pieces at shops.

Inventory:

Hand Weapons
 q - a +1 war axe of electrocution (weapon)
Missiles
 b - 2 javelins
 j - 4 boomerangs (quivered)
 l - 12 poisoned darts
Armour
 a - a +1 plate armour (worn)
 c - a +0 buckler (worn)
Jewellery
 m - a ring of flight (left hand)
Scrolls
 e - a scroll of magic mapping
 f - 2 scrolls of poison
 i - 4 scrolls of teleportation
 n - a scroll of vulnerability
 o - 3 scrolls of noise
 p - 5 scrolls of immolation
 r - 2 scrolls of brand weapon
 u - a scroll of blinking
Potions
 d - 2 potions of might
 g - 3 potions of brilliance
 h - a potion of flight
 k - a potion of curing {unknown}
 t - a potion of mutation {unknown}
 v - a potion of berserk rage {unknown}


   Skills:
 + Level 4.5 Fighting
 + Level 3.7 Long Blades
 + Level 3.7 Axes
 + Level 0.1 Throwing
 + Level 6.4 Armour
 + Level 1.0 Dodging
 + Level 0.6 Stealth
 + Level 4.5 Shields


You had 5 spell levels left.
You didn't know any spells.
Your spell library contained the following spells:

 Spells                   Type           Power      Damage    Failure   Level
 Foxfire                  Conj/Fire      0%         2x1d4     100%        1
 Poisonous Vapours        Pois/Air       0%         N/A       100%        2
 Ignite Poison            Fire/Tmut/Pois 0%         N/A       100%        3
 Mephitic Cloud           Conj/Pois/Air  0%         N/A       100%        3
 Ozocubu's Armour         Ice            0%         N/A       100%        3
 Sticky Flame             Conj/Fire      0%         2d3       100%        4
 Fireball                 Conj/Fire      0%         3d3       100%        5
 Freezing Cloud           Conj/Ice/Air   0%         6-21      100%        5
 Metabolic Englaciation   Hex/Ice        0%         N/A       100%        5
 Plasma Beam              Fire/Air       0%         2x1d11    100%        6
 Simulacrum               Ice/Necr       0%         N/A       100%        6
 Starburst                Conj/Fire      0%         6d3       100%        6
 Ignition                 Fire           0%         3d3       100%        8


Dungeon Overview and Level Annotations

Branches:
Dungeon (6/15)
 Temple: D:4-7

Altars:
Hepliaklqana
Vehumet

Shops:
D:3 (   D:5 *


Innate Abilities, Weirdness & Mutations

You have a pair of horns on your head.
You reflexively headbutt those who attack you in melee.


Message History

Your +0 plate armour glows green for a moment.
Eustachio the Magnificent comes into view.
He is wielding a +4 rapier of venom.
Found a yellow potion.
Eustachio shouts!
Eustachio gestures wildly while chanting.
Eustachio blinks!
Eustachio casts a spell.
Eustachio blinks!
Eustachio hits you with a +4 rapier of venom.
You are poisoned.
You barely miss Eustachio. You headbutt Eustachio.
Eustachio is lightly wounded.
You feel very sick. Eustachio hits you but does no damage.
You are more poisoned.
You hit Eustachio but do no damage. Lightning courses through Eustachio!
Eustachio is heavily wounded.
You feel very sick.
Eustachio hits you with a +4 rapier of venom!
You are more poisoned.
You closely miss Eustachio.
Eustachio is heavily wounded.
You feel extremely sick.
Eustachio hits you with a +4 rapier of venom.
You are lethally poisoned!
Eustachio hits you but does no damage.
You are more poisoned.
You hit Eustachio. Your headbutt misses Eustachio.
Eustachio is severely wounded.
You feel extremely sick. Eustachio barely misses you.
You barely miss Eustachio. You headbutt Eustachio!
Eustachio is almost dead.
* * * LOW HITPOINT WARNING * * *
You feel extremely sick.
Eustachio hits you with a +4 rapier of venom!
* * * LOW HITPOINT WARNING * * *
You barely miss Eustachio. You headbutt Eustachio.
You kill Eustachio!
You die...

#########+## ####+#
#..........# #....#
#..........# #....#
#..........## #....#
#......>†...####...!##
#....................+
#........)@......#####
#................#
#..........<.[...#
###########......#
#......# #......#
########


There were no monsters in sight!

Vanquished Creatures
  Eustachio (D:6)
  A bullfrog (D:6)
  2 scorpions
  2 hounds (D:5)
  2 iguanas (D:4)
  An orc wizard (D:5)
  5 adders
  2 worms
  6 dart slugs
  5 orcs
  8 bats
  5 endoplasms
  A giant cockroach (D:1)
  5 hobgoblins
  2 jackals (D:1)
  4 quokkas
  5 ball pythons
  8 frilled lizards
  10 goblins
  2 kobolds (D:1)
  5 rats
82 creatures vanquished.

Notes
Turn   | Place    | Note
-------+----------+-------------------------------------------
     0 | D:1      | Fodor the Minotaur Fighter began the quest for the Orb.
     0 | D:1      | Reached XP level 1. HP: 19/19 MP: 0/0
   216 | D:1      | Reached XP level 2. HP: 27/27 MP: 1/1
   498 | D:1      | You fall into a shaft and drop 1 floor!
   498 | D:2      | Found a hazy altar of Hepliaklqana.
   514 | D:2      | Reached skill level 4 in Armour
   534 | D:1      | Reached XP level 3. HP: 19/33 MP: 2/2
  1897 | D:3      | Reached XP level 4. HP: 36/40 MP: 3/3
  2091 | D:3      | Found Plog's Weapon Shoppe.
  3232 | D:4      | Reached skill level 1 in Axes
  3232 | D:4      | Reached XP level 5. HP: 46/46 MP: 4/4
  3401 | D:5      | Entered Level 5 of the Dungeon
  3431 | D:5      | Reached skill level 5 in Armour
  3533 | D:5      | Found a radiant altar of Vehumet.
  3860 | D:5      | Reached skill level 1 in Dodging
  4002 | D:5      | Reached XP level 6. HP: 53/53 MP: 5/5
  4212 | D:5      | Found Hayvoom's General Store.
  4251 | D:5      | Bought a potion of might for 56 gold pieces
  4251 | D:5      | Bought a scroll of blinking for 105 gold pieces
  4251 | D:5      | Bought a scroll of identify for 28 gold pieces
  4383 | D:6      | Reached skill level 6 in Armour
  4430 | D:6      | Noticed Eustachio
  4446 | D:6      | Killed Eustachio
  4446 | D:6      | Succumbed to Eustachio's poison

Illustrated notes

Levels and vault maps discovered:
D:1:      roderic_octagonal_star, layout_loops_cross, minmay_misc_feat_hallway,
          minmay_misc_feat_doors
D:2:      layout_loops_ring, basic_altar
D:3:      layout_loops_cross, serial_shops, shop, minmay_door_square,
          serial_park_tiny_1
D:4:      layout_gridville
D:5:      layout_loops_ring, lemuel_tele_altar, serial_shops,
          nicolae_shop_real_fake_doors
D:6:      layout_basic, nrook_mini_vaults, uniq_eustachio

Skill      XL: |  1  2  3  4  5  6 |
---------------+-------------------+-----
Shields        | 4 |  4.5
Armour         | 4 5 6 |  6.4
Fighting       | 4 |  4.5
Long Blades    | 3 |  3.7
Axes           | 1 3 |  3.7
Dodging        | 1 |  1.0
Throwing       | |  0.1
Stealth        | |  0.6

Action                     |  1- 3 |  4- 6 || total
---------------------------+-------+-------++-------
  Melee: Long sword        |    83 |       ||    83
         Headbutt          |    13 |    18 ||    31
         War axe           |     8 |    90 ||    98
  Throw: Boomerang         |       |     3 ||     3
    Use: Scroll            |       |    13 ||    13
 Armour: Scale mail        |    50 |    13 ||    63
         Plate armour      |       |    50 ||    50
  Dodge: Dodged            |    55 |    26 ||    81
  Block: Buckler           |    15 |     9 ||    24
